 Dungeon Crawl Stone Soup version 0.31-a0-229-g1fc7ce93e2 (webtiles) character file.

Game seed: 13984597538134051857

63 qw the Shooter (level 3, 0/29 HPs)
             Began as a Minotaur Hexslinger on July 6, 2023.
             Slain by a gnoll
             ... wielding a +0 flail
              (8 damage)
             ... on level 2 of the Dungeon.
             The game lasted 00:00:25 (1390 turns).

qw the Shooter (Minotaur Hexslinger)                Turns: 1390, Time: 00:00:25

Health: 0/29       AC:  3    Str: 12    XL:     3   Next: 89%
Magic:  3/3        EV: 12    Int: 10    God:
Gold:   65         SH:  0    Dex: 14    Spells: 3/4 levels left

rFire   . . .        Y - +1 sling
rCold   . . .        (no shield)
rNeg    . . .        e - +0 leather armour
rPois   .            (helmet restricted)
rElec   .            (no cloak)
rCorr   .            (no gloves)
SInv    .            (no boots)
Will    .....        (no amulet)
Stlth   +            (no ring)
HPRegen 0.24/turn    (no ring)
MPRegen 0.08/turn

%: no passive effects
@: no status effects
A: horns 2, retaliatory headbutt
a: no special abilities


You were on level 2 of the Dungeon.
You visited 1 branch of the dungeon, and saw 2 of its levels.

You collected 65 gold pieces.


Innate Abilities, Weirdness & Mutations

You have a pair of horns on your head.
You reflexively headbutt those who attack you in melee.


   Skills:
 - Level 2.0 Fighting
 + Level 4.4 Ranged Weapons
 - Level 2.1 Dodging
 - Level 1.0 Spellcasting
 - Level 2.0 Hexes


You had 3 spell levels left.
You knew the following spells:

 Your Spells              Type           Power      Damage    Failure   Level
a - Slow                  Hex            16%        N/A       19%         1

Your spell library contained the following spells:

 Spells                   Type           Power      Damage    Failure   Level
 Inner Flame              Hex/Fire       2%         N/A       65%         3
 Portal Projectile        Hex/Tloc       4%         N/A       65%         3
 Cause Fear               Hex            2%         N/A       88%         4

Inventory:

Hand Weapons
 Y - a +1 sling (weapon)
Armour
 c - a +0 pair of gloves
 e - a +0 leather armour (worn)
Scrolls
 a - a scroll of immolation {unknown}
 b - a scroll of identify {unknown}
Potions
 d - a potion of resistance {unknown}
 f - a potion of lignification {unknown}
 g - a potion of heal wounds

Dungeon Overview and Level Annotations

Branches:
Dungeon (2/15)

Altars:


Message History

The sling bullet closely misses the kobold.
A gnoll comes into view. It is wielding a +0 flail.
You shoot a sling bullet.
The sling bullet barely misses the kobold.
The kobold barely misses you.
You shoot a sling bullet. The sling bullet hits the kobold.
You kill the kobold!
The jackal barely misses you.
You shoot a sling bullet. The sling bullet hits the ball python.
You kill the ball python!
The jackal bites you but does no damage.
The jackal bites you. The goblin hits you with a +0 club.
You shoot a sling bullet.
The sling bullet barely misses the goblin.
The jackal bites you. The goblin barely misses you. You furiously retaliate!
You headbutt the goblin!
You kill the goblin!
The jackal closely misses you.
You shoot a sling bullet.
The sling bullet closely misses the goblin.
The jackal bites you but does no damage.
The goblin hits you with a +0 club. The jackal bites you.
You shoot a sling bullet.
The sling bullet barely misses the goblin.
The goblin hits you with a +0 club. The jackal barely misses you.
You shoot a sling bullet. The sling bullet hits the goblin.
You kill the goblin!
The jackal bites you. The jackal barely misses you.
You shoot a sling bullet.
The sling bullet hits the gnoll but does no damage.
The jackal closely misses you. The gnoll hits you with a +0 flail.
The jackal closely misses you.
You shoot a sling bullet.
The sling bullet completely misses the gnoll.
The jackal closely misses you. The gnoll hits you with a +0 flail.
The jackal barely misses you.
You shoot a sling bullet. The sling bullet hits the gnoll.
The gnoll is moderately wounded.
The gnoll hits you with a +0 flail!
You die...

...... ###### #.
...# .. ##.# .#
#.####### .#
#.......# .# .8
#######.#
##.##%8.. #.#
#hgw.#
#.#######@##.####
#...(............
#.###############
###


You could see a worm, a gnoll and a jackal.

Vanquished Creatures
  3 adders (D:2)
  8 ball pythons
  3 endoplasms
  A giant cockroach (D:1)
  3 goblins (D:2)
  A hobgoblin (D:1)
  4 jackals
  3 kobolds
  5 bats
  2 frilled lizards
  2 rats
35 creatures vanquished.

Notes
Turn   | Place    | Note
-------+----------+-------------------------------------------
     0 | D:1      | qw the Minotaur Hexslinger began the quest for the Orb.
     0 | D:1      | Reached XP level 1. HP: 16/16 MP: 1/1
     0 | D:1      | 0 ||| qw: Version: 0.3-a-46-gb1f654a
     0 | D:1      | 0 ||| qw: Game counter: 1397
     0 | D:1      | 0 ||| qw: Melee chars always use a shield: true
     0 | D:1      | 0 ||| qw: God list: Okawaru
     0 | D:1      | 0 ||| qw: Allow faded altars: false
     0 | D:1      | 0 ||| qw: Do Orc after clearing Dungeon:15 true
     0 | D:1      | 0 ||| qw: Do second Lair branch before Depths: true
     0 | D:1      | 0 ||| qw: Lair rune preference: random
     0 | D:1      | 0 ||| qw: Goals: Normal
     0 | D:1      | 0 ||| PLANNING D:1-11
   170 | D:1      | Reached skill level 3 in Ranged Weapons
   200 | D:1      | Reached XP level 2. HP: 23/23 MP: 2/2
   826 | D:1      | 826 ||| UPGRADING to +0 leather armour.
   836 | D:1      | 836 ||| DROPPING +0 robe.
   837 | D:1      | 837 ||| DROPPING ring of wizardry.
   838 | D:1      | 838 ||| READING scroll labelled RYS WY NUIPP.
   839 | D:1      | 839 ||| DRINKING 2 fuming blue potions.
   840 | D:1      | 840 ||| DROPPING scroll of poison.
   865 | D:2      | Reached XP level 3. HP: 27/29 MP: 3/3
  1079 | D:2      | Reached skill level 4 in Ranged Weapons
  1390 | D:2      | Slain by a gnoll

Levels and vault maps discovered:
D:1:      doesnt_arrival_eight_statues, layout_loops_corners
D:2:      layout_basic, minmay_strange_pillars, minmay_hexomino_c4

Skill      XL: |  1  2  3 |
---------------+----------+-----
Ranged Weapons | 3 4 |  4.4
Fighting       | 2 |  2.0
Dodging        | |  2.1
Spellcasting   | |  1.0
Hexes          | |  2.0

Action                     || total
---------------------------++-------
   Fire: Sling             ||    98
    Use: Scroll            ||     1
         Potion            ||     1
 Armour: Robe              ||     4
         Leather armour    ||     9
  Dodge: Dodged            ||    26

Table legend:
 A = Non-vault XP
 B = Vault XP
 C = Vault XP percentage of total XP
 D = Non-vault monster count
 E = Vault monster count
 F = Vault count percentage of total count
                 A         B        C        D         E       F
            +---------+---------+-------+---------+---------+-------
      Total |      86 |       5 |   5.5 |      32 |       3 |   8.6
            +---------+---------+-------+---------+---------+-------
        D:1 |      28 |       0 |   0.0 |      17 |       0 |   0.0
        D:2 |      58 |       5 |   7.9 |      15 |       3 |  16.7
            +---------+---------+-------+---------+---------+-------
